 Dungeon Crawl Stone Soup version 0.23.2-1-ga50397a6bc (webtiles) character file.

Game seed: 2505210244222364488

1514 Revguard the Chopper (level 8, -2/72 HPs)
             Began as a Deep Dwarf Fighter on Apr 25, 2019.
             Was a Believer of Trog.
             Splashed by a jelly's acid (7 damage)
             ... on level 5 of the Dungeon.
             The game lasted 00:14:45 (4086 turns).

Revguard the Chopper (Deep Dwarf Fighter)           Turns: 4086, Time: 00:14:45

Health: -2/72      AC:  0    Str: 19    XL:     8   Next: 53%
Magic:  7/7        EV:  9    Int: 10    God:    Trog [**....]
Gold:   443        SH: 10    Dex: 14    Spells: 7/7 levels left

rFire    . . .     SeeInvis +   a - +0 war axe
rCold    . . .     Gourm    .   c - +0 shield
rNeg     . . .     Faith    .   b - +0 scale mail
rPois    .         Spirit   .   (no helmet)
rElec    .         Reflect  .   (no cloak)
rCorr    .         Harm     .   t - +0 pair of gloves
MR       ++...                  (no boots)
Stlth    ..........             (no amulet)
HPRegen  0.00/turn              e - ring of protection from magic
MPRegen  0.10/turn              p - ring of see invisible

@: corroded, berserk cooldown, non-regenerating
A: damage resistance, heal wounds, sense surroundings 1, no regeneration
a: Heal Wounds, Berserk, Trog's Hand, Renounce Religion


You were on level 5 of the Dungeon.
You worshipped Trog.
Trog was pleased with you.
You were not hungry.

You visited 1 branch of the dungeon, and saw 5 of its levels.

You collected 443 gold pieces.

Inventory:

Hand Weapons
 a - a +0 war axe (weapon)
Armour
 b - a +0 scale mail (worn)
 c - a +0 shield (worn)
 t - a +0 pair of gloves (worn)
Jewellery
 e - a ring of protection from magic (left hand)
 i - an uncursed ring of flight
 k - an uncursed ring of wizardry
 p - a ring of see invisible (right hand)
Wands
 j - a wand of random effects (9)
 v - a wand of flame (16)
Scrolls
 g - a scroll of enchant weapon {unknown}
 h - 4 scrolls of identify {unknown}
 m - 3 scrolls of teleportation {unknown}
 n - a scroll of noise {unknown}
 q - 2 scrolls of enchant armour {unknown}
 s - a scroll of immolation {unknown}
 u - 3 scrolls of fear {unknown}
 x - a scroll of remove curse {unknown}
Potions
 d - a potion of might
 l - 2 potions of heal wounds
 o - a potion of curing
 w - a potion of resistance
Comestibles
 f - 9 rations
 r - 8 chunks of flesh


   Skills:
 + Level 4.2 Fighting
 + Level 7.5 Axes
 + Level 5.6 Armour
 + Level 2.7 Dodging
 + Level 5.3 Shields
 * Level 5.1 Evocations


You had 7 spell levels left.
You didn't know any spells.
Your spell library was empty.

Dungeon Overview and Level Annotations

Branches:
Dungeon (5/15)
 Temple: D:4-7

Altars:
Elyvilon
Fedhas
Trog


Innate Abilities, Weirdness & Mutations

You are resistant to damage.
You can heal yourself by infusing magical energy.
You passively map a small area around you.
You do not regenerate.


Message History

Found a potion of curing.
You see here a +0 spear.
The jelly barely misses you. You block the jelly's attack.
You hit the jelly.
Your hands burn!
* * * LOW HITPOINT WARNING * * *
The jelly is lightly wounded.
The jelly hits you but does no damage. You block the jelly's attack.
You hit the jelly but do no damage.
Your hands burn!
* * * LOW HITPOINT WARNING * * *
The jelly is lightly wounded.
You feel yourself speed up. You block the jelly's attack.
The jelly hits you but does no damage.
You slash the jelly! The acid corrodes you!
Your hands burn!
The jelly is severely wounded.
The jelly hits you.
You are splashed with acid!
* * * LOW HITPOINT WARNING * * *
You hit the jelly but do no damage. The acid corrodes you!
Your hands burn!
The jelly is heavily wounded.
The jelly hits you.
You are splashed with acid!
You die...

###..#........#......# #.....
##...#........#...##########....#
..####........#########...##.#..#
..# ##......###......###.##....#
.## ,##....## #...$..###.#...###
## ,####'####).....#........## #
, +......[)...$.###.......# #,, ,
,,########))....#.......... # , ,
......J@.....###.......# ## ,,
......######+# ##.....## .# *
...... * #........ ## * ,..$$., *
,###...... , .$..$ , ,##...... ,,
, * ..$$ ,,,#....... , * ...! , ,
,##...[.. # ,, * * , ,, * ,,,
##...... # , #.......


You could see a jelly.

Vanquished Creatures
  Prince Ribbit (D:5)
  Sigmund (D:2)
  Edmund (D:5)
  An orc warrior (D:4)
  A black bear (D:4)
  2 ogres
  A water moccasin skeleton (D:4)
  A centaur zombie (D:5)
  A bullfrog zombie (D:5)
  2 hounds (D:5)
  A jelly (D:5)
  2 orc wizards
  2 centaur skeletons (D:4)
  An orc priest (D:3)
  Terence (D:2)
  Ijyb (D:3)
  3 worker ants
  2 hound skeletons
  4 gnolls (D:5)
  5 adders
  A shadow imp (D:5)
  An ooze (D:3)
  2 adder zombies
  5 worms
  4 dart slugs
  8 leopard geckos
  14 orcs
  3 bats
  A bat skeleton (D:2)
  A bat zombie (D:2)
  5 giant cockroaches
  A goblin (D:1)
  5 hobgoblins
  12 jackals
  A quokka (D:5)
  A ball python (D:2)
  2 ball python skeletons (D:2)
  3 frilled lizards
  A giant cockroach zombie (D:2)
  A jackal zombie (D:2)
  5 kobolds
  A leopard gecko zombie (D:2)
  3 quokka skeletons
  2 quokka zombies (D:2)
  10 rats
127 creatures vanquished.

Notes
Turn   | Place    | Note
-------+----------+-------------------------------------------
     0 | D:1      | Revguard the Deep Dwarf Fighter began the quest for the
                  | Orb.
     0 | D:1      | Reached XP level 1. HP: 20/20 MP: 1/1
   147 | D:1      | Reached XP level 2. HP: 12/27 MP: 2/2
   657 | D:2      | Reached skill level 3 in Axes
   657 | D:2      | Reached XP level 3. HP: 23/33 MP: 3/3
   721 | D:2      | Found a bloodstained altar of Trog.
   764 | D:2      | Noticed Terence
   772 | D:2      | Killed Terence
   772 | D:2      | Reached XP level 4. HP: 27/42 MP: 4/4
   796 | D:2      | Became a worshipper of Trog the Wrathful
   811 | D:2      | Reached skill level 1 in Dodging
  1300 | D:2      | Noticed Sigmund
  1313 | D:2      | Killed Sigmund
  1313 | D:2      | Reached skill level 4 in Axes
  1313 | D:2      | Reached XP level 5. HP: 28/49 MP: 5/5
  1437 | D:3      | Reached XP level 6. HP: 28/56 MP: 6/6
  1576 | D:3      | Reached * piety under Trog
  1633 | D:3      | Reached skill level 1 in Evocations
  1650 | D:3      | Reached skill level 5 in Axes
  1890 | D:3      | Noticed Ijyb
  1902 | D:3      | Killed Ijyb
  2514 | D:4      | Reached XP level 7. HP: 7/62 MP: 7/7
  2579 | D:4      | Reached skill level 6 in Axes
  2793 | D:4      | Reached ** piety under Trog
  2793 | D:4      | Reached skill level 5 in Shields
  2920 | D:4      | Found a white marble altar of Elyvilon.
  3211 | D:5      | Entered Level 5 of the Dungeon
  3278 | D:5      | Noticed Prince Ribbit
  3317 | D:5      | Killed Prince Ribbit
  3317 | D:5      | Reached skill level 5 in Armour
  3317 | D:5      | Reached XP level 8. HP: 11/72 MP: 8/10
  3367 | D:5      | Noticed Edmund
  3380 | D:5      | Killed Edmund
  3380 | D:5      | Reached skill level 7 in Axes
  3483 | D:5      | Found a blossoming altar of Fedhas.
  4057 | D:5      | Reached skill level 5 in Evocations
  4086 | D:5      | Splashed by a jelly's acid

Skill      XL: |  1  2  3  4  5  6  7  8 |
---------------+-------------------------+-----
Axes           | 3 4 5 6 7 |  7.5
Fighting       | 3 4 |  4.2
Dodging        | 1 2 |  2.7
Armour         | 4 5 |  5.6
Shields        | 4 5 |  5.3
Evocations     | 2 4 5 |  5.1

Action                   |  1- 3 |  4- 6 |  7- 9 || total
-------------------------+-------+-------+-------++-------
Melee: War axe           |    81 |   178 |   173 ||   432
Invok: Berserk           |       |     2 |     3 ||     5
       Trog's Hand       |       |       |     2 ||     2
 Abil: Heal Wounds       |     1 |     2 |     7 ||    10
  Use: Potion            |       |     5 |     1 ||     6
  Eat: Chunk             |       |     7 |     9 ||    16
Armor: Scale mail        |    53 |    78 |    40 ||   171
Dodge: Dodged            |    34 |    63 |    57 ||   154
Block: Shield            |    49 |    88 |    80 ||   217
